 Dungeon Crawl Stone Soup version 0.28.0 (webtiles) character file.

Game seed: 2375407237981910544

991306 freelancePsychic the Sorcerer (level 27, 0/246 (251) HPs)
             Began as a Merfolk Ice Elementalist on Feb 12, 2022.
             Was the Champion of Vehumet.
             Slain by a balrug (22 damage)
             ... on level 7 of Gehenna on Feb 13, 2022.
             The game lasted 04:47:22 (61518 turns).

freelancePsychic the Sorcerer (MfIE)               Turns: 61518, Time: 04:47:22

HP:   0/246 (251)   AC: 20    Str: 12      XL:     27
MP:   21/59         EV: 26    Int: 42      God:    Vehumet [******]
Gold: 2255          SH: 11    Dex: 16 (17) Spells: 22/73 levels left

rFire   + + +      SeeInvis .   a - +3 dagger of Unreason {venom, *Noise rC- Str+3 Int+10}
rCold   . . .      Faith    .   j - +3 buckler {AC+3}
rNeg    + . .      Spirit   .   D - +2 robe {rC+ rF+}
rPois   +          Reflect  .   L - +2 helmet {Int+3}
rElec   .          Harm     .   c - +2 cloak {rCorr}
rCorr   +          Rampage  +   M - +3 pair of gauntlets of War {Slay+5}
Will    ++...      Clarity  +   q - +2 pair of boots {rampage}
Stlth   +++++.....              W - amulet of Gobb {Rampage Regen+ MP+9}
HPRegen 1.31/turn               F - ring "Bouwic Poha" {Wiz rF+ rN+ Stlth-}
MPRegen 0.36/turn               A - ring of the Original Sin {rPois rF+ rCorr Dex+2}

@: brilliant, in a vortex, flying (expiring), very slightly contaminated,
studying 2 skills, lightly drained, unable to read
A: (nimble swimmer 2), mertail, clarity, clever 1, robust 1
}: 12/15 runes: serpentine, barnacled, slimy, silver, icy, bone, abyssal,
demonic, glowing, magical, fiery, dark
a: Renounce Religion


You were on level 7 of Gehenna.
You worshipped Vehumet.
Vehumet was exalted by your worship.
You visited 14 branches of the dungeon, and saw 71 of its levels.
You visited Pandemonium 2 times, and saw 12 of its levels.
You visited the Abyss 3 times.
You also visited: Sewer, Ossuary, Ice Cave, Volcano and Desolation.

You collected 6958 gold pieces.
You spent 4703 gold pieces at shops.

Inventory:

Hand Weapons
 a - the +3 dagger of Unreason (weapon) {venom, *Noise rC- Str+3 Int+10}
   (You found it on level 2 of the Dungeon)

   It poisons the flesh of those it strikes.
   Str:       It affects your strength (+3).
   Int:       It affects your intelligence (+10).
   rC:        It makes you vulnerable to cold.
   *Noise:    It may make noises in combat.
Armour
 c - a +2 cloak of preservation (worn)
 e - a +2 kite shield
 j - a +3 buckler of protection (worn)
 q - a +2 pair of boots of rampaging (worn)
 C - a +4 troll leather armour
 D - a +2 robe of resistance (worn)
 L - a +2 helmet of intelligence (worn)
 M - the +3 pair of gauntlets of War (worn) {Slay+5}
   (You bought it in a shop on level 2 of the Elven Halls)

   Slay:      It affects your accuracy & damage with ranged weapons and melee
   (+5).
Magical Staves
 b - a staff of cold
Jewellery
 d - the ring "Lefred" {rC+ rN+ Will+ Int+2 Stlth+}
   (You found it in Pandemonium)

   [ring of willpower]

   Int:       It affects your intelligence (+2).
   rC:        It protects you from cold.
   rN:        It protects you from negative energy.
   Will:      It increases your willpower.
   Stlth:     It makes you more stealthy.
 A - the ring of the Original Sin (right hand) {rPois rF+ rCorr Dex+2}
   (You took it off an imperial myrmidon in the Desolation of Salt)

   [ring of resist corrosion]

   Dex:       It affects your dexterity (+2).
   rF:        It protects you from fire.
   rPois:     It protects you from poison.
   rCorr:     It protects you from acid and corrosion.
 F - the ring "Bouwic Poha" (left hand) {Wiz rF+ rN+ Stlth-}
   (You found it on level 3 of the Elven Halls)

   [ring of wizardry]

   It improves your spell success rate.
   rF:        It protects you from fire.
   rN:        It protects you from negative energy.
   Stlth:     It makes you less stealthy.
 S - an amulet of magic regeneration
 V - a ring of magical power
 W - the amulet of Gobb (around neck) {Rampage Regen+ MP+9}
   (You found it on level 3 of the Elven Halls)

   [amulet of regeneration]

   MP:        It affects your magic capacity (+9).
   Regen:     It increases your rate of health regeneration.
   Rampage:   It bestows one free step when moving towards enemies.
 X - a +4 ring of evasion
 Z - a ring of willpower
Wands
 n - a wand of polymorph (17)
 x - a wand of acid (27)
 y - a wand of paralysis (37)
 G - a wand of iceblast (15)
 N - a wand of flame (24)
 P - a wand of mindburst (9)
Scrolls
 f - 4 scrolls of torment
 m - 13 scrolls of teleportation {@r4}
 p - 5 scrolls of blinking
 s - 9 scrolls of immolation
 t - 2 scrolls of holy word
 B - 6 scrolls of enchant weapon
 J - a scroll of fog
 K - a scroll of summoning
 O - 2 scrolls of magic mapping
 T - 4 scrolls of fear
 U - 3 scrolls of enchant armour
 Y - 3 scrolls of amnesia
Potions
 g - a potion of brilliance
 h - 13 potions of attraction
 i - 3 potions of resistance
 k - 4 potions of ambrosia
 l - 21 potions of curing {@q1}
 o - 5 potions of flight
 r - 4 potions of invisibility
 u - 5 potions of cancellation
 v - 3 potions of heal wounds {@q2}
 w - 2 potions of magic
 z - 5 potions of mutation
 E - 3 potions of haste {@q3}
 H - 4 potions of lignification
 I - 6 potions of berserk rage
 Q - 6 potions of might
 R - 12 potions of degeneration


   Skills:
 - Level 21.5 Fighting
 - Level 9.3 Short Blades
 - Level 23.8 Dodging
 - Level 15.7 Stealth
 + Level 13.3 Shields
 - Level 12.6 Unarmed Combat
 * Level 23.9 Spellcasting
 - Level 1.2 Conjurations
 - Level 9.7 Necromancy
 - Level 19.7 Transmutations
 - Level 22.0 Ice Magic
 - Level 18.8 Earth Magic
 - Level 4.8 Poison Magic


You had 22 spell levels left.
You knew the following spells:

 Your Spells              Type           Power      Damage    Failure   Level
a - Polar Vortex          Ice            75%        N/A       1%          9
b - Necromutation         Tmut/Necr      65%        N/A       2%          8
c - Shatter               Erth           71%        3d52*     2%          9
d - Statue Form           Tmut/Erth      96%        N/A       0%          6
e - Ozocubu's Refrigerat  Ice            75%        4d20      1%          7
f - Apportation           Tloc           100%       N/A       1%          1
g - Freeze                Ice            100%       1d11      0%          1
h - Irradiate             Conj/Tmut      59%        3d33      1%          5
i - Lee's Rapid Deconstr  Erth           71%        3d33*     0%          5

Your spell library contained the following spells:

 Spells                   Type           Power      Damage    Failure   Level
 Ignition                 Fire           33%        3d10      89%         8
 Maxwell's Capacitive Co  Air            33%        ∞         89%         8
 Animate Skeleton         Necr           100%       N/A       0%          1
 Beastly Appendage        Tmut           100%       N/A       0%          1
 Sandblast                Erth           100%       2d20      0%          1
 Ensorcelled Hibernation  Hex/Ice        100%       N/A       0%          2
 Passwall                 Tmut/Erth      100%       N/A       0%          2
 Sublimation of Blood     Necr           100%       N/A       0%          2
 Wereblood                Tmut           100%       N/A       0%          2
 Frozen Ramparts          Ice            100%       1d12      0%          3
 Ozocubu's Armour         Ice            100%       N/A       0%          3
 Spider Form              Tmut/Pois      100%       N/A       0%          3
 Stone Arrow              Conj/Erth      100%       3d13      0%          3
 Vampiric Draining        Necr           100%       2d13      0%          3
 Ice Form                 Ice/Tmut       100%       N/A       0%          4
 Petrify                  Tmut/Erth      100%       N/A       0%          4
 Shock                    Conj/Air       100%       1d9       1%          1
 Summon Small Mammal      Summ           100%       N/A       1%          1
 Blink                    Tloc           100%       N/A       1%          2
 Poisonous Vapours        Pois/Air       100%       N/A       1%          2
 Static Discharge         Conj/Air       70%        N/A       1%          2
 Call Canine Familiar     Summ           66%        N/A       1%          3
 Conjure Flame            Conj/Fire      70%        6-21      1%          3
 Dazzling Flash           Conj/Hex       100%       N/A       1%          3
 Gell's Gravitas          Tloc           66%        N/A       1%          3
 Ignite Poison            Fire/Tmut/Pois 100%       N/A       1%          3
 Lesser Beckoning         Tloc           66%        N/A       1%          3
 Mephitic Cloud           Conj/Pois/Air  79%        N/A       1%          3
 Portal Projectile        Hex/Tloc       100%       N/A       1%          3
 Summon Guardian Golem    Hex/Summ       66%        N/A       1%          3
 Swiftness                Air            66%        N/A       1%          3
 Teleport Other           Tloc           66%        N/A       1%          3
 Tukima's Dance           Hex            66%        N/A       1%          3
 Airstrike                Air            33%        N/A       1%          4
 Anguish                  Hex/Necr       47%        N/A       1%          4
 Animate Armour           Summ/Erth      100%       N/A       1%          4
 Animate Dead             Necr           57%        N/A       1%          4
 Fulminant Prism          Conj/Hex       35%        3d18      1%          4
 Hailstorm                Conj/Ice       100%       3d20      1%          4
 Iskenderun's Mystic Bla  Conj/Tloc      70%        2d14      1%          4
 Leda's Liquefaction      Hex/Erth       57%        N/A       1%          4
 Olgreb's Toxic Radiance  Pois           94%        N/A       1%          4
 Passage of Golubria      Tloc           66%        N/A       1%          4
 Sticky Flame             Conj/Fire      70%        2d8       1%          4
 Summon Ice Beast         Ice/Summ       100%       N/A       1%          4
 Summon Lightning Spire   Summ/Air       66%        N/A       1%          4
 Alistair's Intoxication  Tmut/Pois      82%        N/A       1%          5
 Borgnjor's Vile Clutch   Necr/Erth      65%        N/A       1%          5
 Excruciating Wounds      Necr           57%        N/A       1%          5
 Fireball                 Conj/Fire      35%        3d15      1%          5
 Freezing Cloud           Conj/Ice/Air   53%        6-21      1%          5
 Iskenderun's Battlesphe  Conj           74%        2d12      1%          5
 Lightning Bolt           Conj/Air       35%        1d53      1%          5
 Metabolic Englaciation   Hex/Ice        60%        N/A       1%          5
 Yara's Violent Unravell  Hex/Tmut       58%        3d22      1%          5
 Death Channel            Necr           57%        N/A       1%          6
 Iron Shot                Conj/Erth      58%        9d11      1%          6
 Simulacrum               Ice/Necr       67%        N/A       1%          6
 Dragon Form              Tmut           72%        N/A       1%          7
 Storm Form               Tmut/Air       58%        N/A       2%          7
 Manifold Assault         Tloc           66%        N/A       4%          5
 Silence                  Hex/Air        33%        N/A       4%          5
 Summon Forest            Summ/Tloc      33%        N/A       4%          5
 Lehudib's Crystal Spear  Conj/Erth      58%        10d13     5%          8
 Conjure Ball Lightning   Conj/Air       35%        3x3d11    6%          6
 Starburst                Conj/Fire      35%        6d10      6%          6
 Orb of Destruction       Conj           37%        9d11      22%         7
 Summon Cactus Giant      Summ           33%        N/A       26%         6
 Spellforged Servitor     Conj/Summ      35%        N/A       26%         7
 Enfeeble                 Hex            33%        N/A       78%         7
 Summon Hydra             Summ           33%        N/A       78%         7
 Discord                  Hex            33%        N/A       100%        8
 Disjunction              Tloc           33%        N/A       100%        8
 Chain Lightning          Conj/Air       35%        3d46      100%        9
 Fire Storm               Conj/Fire      35%        8d9       100%        9


Dungeon Overview and Level Annotations

Branches:
Dungeon (15/15)            Temple (1/1) D:5            Lair (6/6) D:10
 Shoals (4/4) Lair:2        Snake (4/4) Lair:2        Slime (5/5) Lair:6
    Orc (2/2) D:12            Elf (3/3) Orc:2        Vaults (5/5) D:14
  Crypt (0/3) Vaults:3     Depths (4/4) D:15           Hell (visited)
    Geh (7/7) Hell            Coc (7/7) Hell            Tar (7/7) Hell
  Sewer (visited)         Ossuary (visited)           IceCv (visited)
Volcano (visited)         Desolation (visited)
    Dis: Hell:1         Zot: Depths:4

Altars:
Ashenzari
Cheibriados
Dithmenos
Elyvilon
Fedhas
Gozag
Hepliaklqana
Kikubaaqudgha
Makhleb
Nemelex Xobeh
Okawaru
Qazlal
Ru
Sif Muna
Trog
Uskayaw
Vehumet
Wu Jian
Xom
Yredelemnul
Zin
The Shining One
Jiyva

Shops:
D:14 (   Orc:2 [(:**   Elf:2 [[[=:=?!   Snake:1 :=((   Snake:2 (   Snake:4 :
Vaults:2 !   Depths:2 ?   Depths:3 *

Portals:
Hell: Depths:1 Depths:2 Depths:3
Abyss: Depths:2 Depths:3
Pandemonium: Depths:3
Ziggurat: Depths:2

Annotations:
D:3 2 transporters, mortz's ghost, amateur DrFE
D:4 exclusion: phantom
D:9 exclusion: two-headed ogre
Lair:1 exclusion: hydra
Tar:7 Ereshkigal


Innate Abilities, Weirdness & Mutations

((You are very nimble when in or above water. (Stealth+, EV+, Speed+++)))
Your lower body shifts to a powerful aquatic tail in water.
You possess an exceptional clarity of mind.
Your mind is acute. (Int +2)
You are robust. (+10% HP)


Message History

The sticky flame hits you. You resist.
You are covered in liquid flames!
* * * LOW HITPOINT WARNING * * *
Casting: Irradiate (safe; 1% risk of failure)
Confirm with . or Enter, or press ? or * to list all spells.
You need to wait for the winds to calm down.
You cannot see clearly; the smoke and ash is too thick!
You feel much better.
You are engulfed in blazing flames.
You resist.
You are covered in liquid flames!
The winds around you calm down.
A Brimstone Fiend comes into view.
The Brimstone Fiend calls on the powers of darkness!
Your body is wracked with pain!
* * * LOW HITPOINT WARNING * * *
Asmodeus hits you with the +7 sceptre of Asmodeus!!
* * * LOW HITPOINT WARNING * * *
Casting: Polar Vortex (mildly dangerous; 1% risk of failure)
Confirm with . or Enter, or press ? or * to list all spells.
You feel a surge of power!
You erupt in a fountain of uncontrolled magic!
Asmodeus is blasted with magical radiation!!!
You kill Asmodeus!
Vehumet accepts your kill.
You feel your power returning.
You are engulfed in blazing flames.
You resist.
You are covered in liquid flames!
* * * LOW HITPOINT WARNING * * *
You feel your intelligence returning.
You feel much better.
You are engulfed in blazing flames.
You resist.
* * * LOW HITPOINT WARNING * * *
You are covered in liquid flames!
* * * LOW HITPOINT WARNING * * *
Casting: Irradiate (safe; 1% risk of failure)
Confirm with . or Enter, or press ? or * to list all spells.
You feel a surge of power!
A great freezing vortex appears and lifts you up.
The Brimstone Fiend calls on the powers of darkness!
Your body is wracked with pain!
* * * LOW HITPOINT WARNING * * *
The balrug hits you with a +0 demon whip!!
You die...

#..##.#.#.##...# #..## #.#
###...#.#..##...####.#.###..
.§..........................
§≈≈≈≈§≈§≈.§≈≈≈≈≈§≈≈§...)....
§§≈≈≈≈≈≈≈.§≈§≈§≈≈§§§≈≈......
≈≈≈≈≈≈≈#....§§≈≈≈≈≈§§≈≈≈....
≈≈≈≈≈≈≈..§§.§§≈§≈§≈≈§≈≈≈≈§..
≈≈≈§≈≈≈≈..○§#§≈≈≈≈§≈≈≈≈≈§§§≈.
≈≈≈≈§≈≈..§§@§°≈≈≈§§§≈≈≈§§§§≈
###.#.....§§21§≈≈§≈≈≈≈≈§≈≈§§≈
#.........§§☼§§...###.§§§§§§≈
#...........#.####.##.§§≈§≈≈≈
#.......1........... #≈≈≈§≈§≈
'...............○..
'..........#.......
#..........#.....○.
####..####.#.......


You could see 2 Brimstone Fiends and a balrug.

Vanquished Creatures
  Cerebov (Pan)
  Asmodeus (Geh:7)
  the Royal Jelly (Slime:5)
  Gloorx Vloq (Pan)
  the Serpent of Hell (Hell)
  Mnoleg (Pan)
  5 dread liches
  5 ancient liches
  2 pandemonium lords (Pan)
  14 shard shrikes
  The ghost of DizzySkin the Executioner, a veteran MiBe of Trog (Vaults:2)
  Nikola (Vaults:2)
  Geryon (Hell)
  A golden dragon (Vaults:5)
  Jory (Depths:3)
  7 profane servitors
  20 bone dragons
  19 Tzitzimimeh
  14 Brimstone Fiends
  14 hellephants
  A spectral shard shrike (Tar:4)
  17 doom hounds
  7 tentacled monstrosities
  16 searing wretches
  11 titans
  15 Ice Fiends
  A walking earthen tome (Depths:3)
  Asterion (Elf:1)
  3 liches
  2 deep elf master archers (Elf:3)
  A walking divine tome (Depths:4)
  7 tentacled starspawn
  18 tainted leviathans
  3 walking frostbound tomes (Depths:3)
  2 deep elf blademasters (Elf:3)
  5 ancient champions (Hell)
  Polyphemus (Shoals:4)
  13 Executioners
  3 sphinxes
  17 acid blobs
  7 shadow dragons
  A thorn hunter (Abyss:4)
  2 demonspawn warmongers (Pan)
  7 tengu reavers
  15 azure jellies
  3 nagarajas
  2 storm dragons (Vaults:5)
  14 fire giants
  5 rockslimes
  21 vault wardens
  An iron dragon (Vaults:5)
  16 cacodemons
  28 balrugs
  Aizul (Snake:4)
  11 narguns
  5 spectral juggernauts
  An orc warlord (Orc:2)
  8 deep elf sorcerers
  2 spectral caustic shrikes
  11 frost giants
  5 imperial myrmidons (Desolation)
  7 curse skulls
  A draconian annihilator (Pan)
  9 shard shrike simulacra
  2 demonspawn blood saints (Pan)
  3 war gargoyles
  A juggernaut skeleton (Pan)
  4 deep elf elementalists (Elf:3)
  10 very ugly things
  2 demonspawn corrupters (Pan)
  11 quicksilver oozes
  8 reapers
  A spriggan defender (Depths:3)
  18 ironbound preservers
  11 stone giants
  4 ironbound thunderhulks
  A vampire knight (Depths:4)
  7 deep elf annihilators
  16 putrid mouths
  4 deep elf demonologists
  Azrael (D:13)
  28 elemental wellsprings
  14 wendigos
  5 demonspawn black suns (Pan)
  An entropy weaver (Abyss:4)
  3 lorocyprocas (Pan)
  6 dire elephants
  6 merfolk javelineers
  9 ettins
  2 spectral quicksilver dragons
  4 green deaths (Pan)
  14 eidola
  3 iron golems (Hell)
  5 deep elf death magi
  6 merfolk impalers (Shoals:4)
  2 spectral iron giants
  2 crystal guardians
  15 blizzard demons
  6 spectral spriggans
  3 fire dragons
  A spriggan zombie (Abyss:2)
  3 jiangshi (Depths:3)
  13 ragged hierophants (Desolation)
  13 yaktaur captains
  6 deep elf high priests
  18 naga warriors
  5 ice dragons
  9 great orbs of eyes
  2 boulder beetles
  14 servants of whispers (Desolation)
  13 hydras
  9 caustic shrike simulacra
  11 salamander tyrants
  2 spriggan air magi (Depths:2)
  An ogre mage (D:15)
  4 ironbound frosthearts
  3 alligator snapping turtles (Shoals:4)
  5 rakshasas
  12 juggernaut simulacra
  6 peacekeepers
  5 anacondas
  31 vault guards
  2 catoblepae
  A merfolk avatar (Shoals:1)
  16 centaur warriors
  2 hell beasts (Pan)
  A fenstrider witch skeleton (Pan)
  7 stokers
  4 merfolk aquamancers (Shoals:4)
  3 satyrs
  13 dancing weapons
  7 death yaks
  A death knight (Abyss:2)
  6 two-headed ogres
  7 tengu warriors
  7 deep troll shamans
  A spectral stone giant (Tar:3)
  A vampire mage (Depths:3)
  4 deep troll earth magi
  5 orc high priests (Orc:2)
  38 hell hogs
  3 spectral dire elephants
  Nergalle (D:11)
  2 shock serpents (Snake:2)
  9 deep elf knights
  10 naga sharpshooters
  23 soul eaters
  3 spriggan berserkers
  34 sun demons
  9 thrashing horrors
  3 spriggans
  31 shadow wraiths
  9 iron trolls
  19 sixfirhies
  2 salamander mystics
  2 wretched stars
  44 deep trolls
  2 titan skeletons
  A flayed ghost (Depths:1)
  2 spatial maelstroms (Abyss:4)
  A storm dragon skeleton (Depths:2)
  8 quicksilver dragon simulacra
  3 spectral anacondas
  4 sea snakes
  7 naga ritualists
  3 glowing orange brains
  12 wizards
  6 shadow demons (Pan)
  A swamp dragon (Abyss:4)
  A tengu zombie (Depths:2)
  2 spriggan simulacra
  A sea snake (shapeshifter) (Vaults:5)
  11 deep elf archers
  15 deep elf zephyrmancers
  22 ironbound convokers
  5 necromancers
  7 phantasmal warriors
  10 lindwurms
  A harpy (shapeshifter) (D:14)
  A bunyip skeleton (Pan)
  A spectral ice dragon (Tar:1)
  Pikel (D:7)
  19 deep elf pyromancers
  7 orc knights
  12 salamanders
  13 harpies
  A mana viper (shapeshifter) (Depths:3)
  6 mana vipers
  11 shining eyes
  41 ugly things
  8 fauns
  A wolf spider (D:12)
  4 orc sorcerers
  A spectral ettin (Tar:4)
  A worldbinder (Abyss:4)
  5 cyclopes
  A salamander (shapeshifter) (D:14)
  10 guardian serpents
  11 manticores
  4 spectral centaurs (Tar:1)
  8 elephants
  5 ice statues (Pan)
  3 water nymphs (Shoals:4)
  23 vault sentinels
  14 naga magi
  25 black mambas
  4 eyes of devastation
  Maurice (D:12)
  5 merfolk sirens
  5 rust devils
  An apocalypse crab (Abyss:2)
  4 molten gargoyles
  41 smoke demons
  Joseph (Lair:1)
  22 orange demons
  5 titan simulacra
  3 unseen horrors
  A dire elephant skeleton (Abyss:2)
  15 cane toads
  3 gargoyles
  7 demonic crawlers
  18 hellions
  6 efreet
  5 freezing wraiths
  24 tormentors
  Psyche (D:8)
  A komodo dragon (shapeshifter) (D:14)
  A kobold demonologist (D:11)
  2 rime drakes
  A rime drake (shapeshifter) (Vaults:5)
  A spectral naga (Tar:3)
  11 komodo dragons
  63 yaktaurs
  5 ice devils (Pan)
  8 ancient zymes
  15 hellwings
  A burning bush (Lair:6)
  A bunyip simulacrum (Coc:2)
  6 anaconda simulacra
  21 merfolk
  7 red devils
  4 spectral harpies
  3 golden dragon simulacra
  5 iron giant simulacra
  A yaktaur skeleton (Vaults:4)
  3 hornets
  7 trolls
  2 tengu conjurers
  13 polar bears
  A wolf spider simulacrum (D:15)
  A shadow dragon simulacrum (Depths:2)
  23 blink frogs
  5 wind drakes
  60 saltlings (Desolation)
  Grinder (D:6)
  17 raiju
  2 stone giant simulacra
  7 dream sheep
  92 slime creatures
  6 snapping turtles
  An iron dragon simulacrum (Coc:7)
  An air elemental (Elf:2)
  A centaur simulacrum (Hell)
  16 starcursed masses
  4 ynoxinuls
  13 water elementals
  8 dire elephant simulacra
  A shadow (Abyss:4)
  55 yaks
  5 wyverns
  2 wraiths
  4 fire bats (D:9)
  8 fire elementals
  Grum (D:8)
  6 basilisks
  5 golden eyes
  A steam dragon (shapeshifter) (Vaults:5)
  8 chaos spawn
  15 neqoxecs
  10 vampire mosquitoes
  6 wargs
  16 harpy simulacra
  42 nagas
  13 spatial vortices (Abyss:4)
  2 hydra simulacra
  28 large abominations
  Duvessa (D:5)
  2 acid dragons (D:11)
  17 water moccasins
  A swamp drake (D:12)
  3 floating eyes (Pan)
  25 hell hounds
  A naga skeleton (Pan)
  33 orc warriors
  A sky beast (D:3)
  4 ettin simulacra
  3 ice beasts
  15 black bears
  6 small abominations
  A black mamba simulacrum (Hell)
  12 centaurs
  15 ogres
  31 wolves
  A lemure (D:6)
  3 elf zombies
  7 kobold brigands
  2 gnoll sergeants (D:8)
  An earth elemental (Elf:2)
  Blork the orc (D:6)
  12 bullfrogs
  6 naga simulacra
  4 water moccasin zombies (Ossuary)
  A scorpion (D:7)
  3 water moccasin skeletons
  Dowan (D:5)
  A swamp dragon simulacrum (Coc:1)
  2 howler monkeys
  3 electric eels
  3 crimson imps (Abyss:2)
  5 centaur zombies
  4 lava snakes
  A quasit (Abyss:4)
  A hound (D:5)
  A gnoll shaman (D:5)
  A centaur skeleton (D:5)
  16 orc priests
  An iron imp (Abyss:2)
  7 iguanas
  19 orc wizards
  2 killer bee zombies (Ossuary)
  9 mummies (Ossuary)
  4 howler monkey zombies
  12 gnolls
  8 adders
  2 river rats
  4 white imps (Abyss:2)
  An ufetubus (D:5)
  An adder skeleton (D:4)
  5 worms
  4 dart slugs
  67 orcs
  10 endoplasms
  2 giant cockroaches
  6 goblins
  6 hobgoblins
  2 jackals (D:2)
  4 quokkas
  11 ball pythons
  6 bats
  4 frilled lizards (D:1)
  26 kobolds
  8 rats
  5 creeping infernos
  34 fire vortices
  3 lurking horrors (Abyss:4)
  6 starspawn tentacles
2925 creatures vanquished.

Vanquished Creatures (collateral kills)
  Antaeus (Coc:7)
  A fire crab (Lair:6)
  A polar bear (Lair:6)
  A warg (Lair:6)
  3 hell hounds (Lair:6)
  A black bear (Lair:6)
  4 wolves (Lair:6)
12 creatures vanquished.

Vanquished Creatures (others)
  An Ice Fiend (Coc:7)
  An eldritch tentacle (Pan)
  A shard shrike simulacrum (Coc:3)
  An ironbound preserver (Vaults:5)
  A vampire knight (Hell)
  2 quicksilver dragon simulacra (Coc:7)
  A deep elf zephyrmancer (Elf:1)
  An anaconda simulacrum (Coc:4)
  A harpy simulacrum (Coc:7)
  2 orc wizards (D:12)
  An orc (D:12)
  A kobold (D:11)
  A creeping inferno (Geh:2)
  3 demonic plants (Abyss:2)
  2 fire vortices
  58 fungi
  122 plants
  22 starspawn tentacles
  5 withered plants
227 creatures vanquished.

Grand Total: 3164 creatures vanquished

Notes
Turn   | Place    | Note
-------+----------+-------------------------------------------
     0 | D:1      | freelancePsychic the Merfolk Ice Elementalist began the
                  | quest for the Orb.
     0 | D:1      | Reached XP level 1. HP: 13/13 MP: 3/3
   469 | D:1      | Reached XP level 2. HP: 14/19 MP: 1/5
  1365 | D:2      | Reached XP level 3. HP: 21/24 MP: 3/6
  1466 | D:2      | Learned a level 3 spell: Frozen Ramparts
  1470 | D:2      | Learned a level 3 spell: Ozocubu's Armour
  1530 | D:2      | Identified the +3 dagger of Unreason {venom, *Noise rC-
                  | Str+3 Int+10}
  1712 | D:2      | Found a faded altar of an unknown god.
  1857 | D:2      | Reached skill level 5 in Ice Magic
  1857 | D:2      | Reached XP level 4. HP: 24/30 MP: 4/8
  2023 | D:2      | Identified the +2 helmet of Rittey Qagh {Harm +Blink}
  2814 | D:3      | Found a transporter.
  2815 | D:3      | Noticed mortz's ghost (amateur DrFE)
  2816 | D:3      | Found a transporter.
  2819 | D:3      | Noticed a phantom
  2920 | D:3      | Noticed a sky beast
  2932 | D:3      | Killed a sky beast
  2933 | D:3      | Reached XP level 5. HP: 19/38 MP: 2/9
  3340 | D:4      | Noticed a phantom
  3550 | D:4      | Noticed an ogre
  4066 | D:5      | Entered Level 5 of the Dungeon
  4103 | D:5      | Reached XP level 6. HP: 14/46 MP: 5/10
  4296 | D:5      | Found a glowing drain.
  4305 | Sewer    | Entered a sewer
  4849 | Sewer    | Reached XP level 7. HP: 52/52 MP: 11/11
  5009 | Sewer    | Reached skill level 5 in Stealth
  5254 | D:5      | Found a staircase to the Ecumenical Temple.
  5273 | Temple   | Entered the Ecumenical Temple
  5575 | Temple   | Became a worshipper of Vehumet
  5698 | D:5      | Noticed Duvessa
  5723 | D:5      | Killed Duvessa
  5807 | D:5      | Noticed Dowan
  5824 | D:5      | Killed Dowan
  5906 | D:5      | Reached skill level 5 in Fighting
  5906 | D:5      | Reached XP level 8. HP: 62/62 MP: 8/12
  6833 | D:6      | Found a sparkling altar of Nemelex Xobeh.
  6833 | D:6      | Found a sand-covered staircase.
  6842 | Ossuary  | Entered an ossuary
  7026 | Ossuary  | Reached skill level 5 in Dodging
  7264 | Ossuary  | Reached XP level 9. HP: 65/71 MP: 13/15
  7337 | Ossuary  | Reached * piety under Vehumet
  7337 | Ossuary  | Offered knowledge of Sandblast by Vehumet.
  7578 | D:6      | Noticed Grinder
  7580 | D:6      | Noticed Blork the orc
  7617 | D:6      | Killed Grinder
  7678 | D:6      | Killed Blork the orc
  8074 | D:6      | Found an iron altar of Okawaru.
  8115 | D:6      | Found a shadowy altar of Dithmenos.
  8136 | D:6      | Reached skill level 5 in Spellcasting
  8242 | D:7      | Noticed Pikel
  8721 | D:7      | Killed Pikel
  8722 | D:7      | Reached XP level 10. HP: 80/80 MP: 10/18
  9183 | D:8      | Noticed Psyche
  9195 | D:8      | Killed Psyche
  9196 | D:8      | Reached skill level 1 in Transmutations
  9439 | D:8      | Noticed Maggie
  9440 | D:8      | Noticed Maggie
  9440 | D:8      | Maggie changed into Maggie the guardian serpent
  9455 | D:8      | Killed Maggie the guardian serpent
  9520 | D:8      | Reached ** piety under Vehumet
  9523 | D:8      | Offered knowledge of Poisonous Vapours by Vehumet.
  9546 | D:8      | Noticed Grum
  9717 | D:8      | Learned a level 2 spell: Poisonous Vapours
 10230 | D:8      | Reached skill level 1 in Poison Magic
 10420 | D:8      | Killed Grum
 10785 | D:9      | Noticed a two-headed ogre
 10913 | D:9      | Offered knowledge of Stone Arrow by Vehumet.
 11534 | D:8      | Reached skill level 5 in Transmutations
 11642 | D:9      | Reached *** piety under Vehumet
 11643 | D:9      | Reached XP level 11. HP: 83/89 MP: 6/20
 11990 | D:9      | Reached skill level 10 in Dodging
 12216 | D:10     | Entered Level 10 of the Dungeon
 12258 | D:10     | Noticed a two-headed ogre
 12293 | D:10     | Killed a two-headed ogre
 12725 | D:10     | Noticed a two-headed ogre
 12735 | D:10     | Offered knowledge of Conjure Flame by Vehumet.
 12740 | D:10     | Killed a two-headed ogre
 12741 | D:10     | Reached skill level 10 in Fighting
 12741 | D:10     | Reached skill level 1 in Earth Magic
 12986 | D:10     | Found a staircase to the Lair.
 13046 | Lair:1   | Entered Level 1 of the Lair of Beasts
 13203 | Lair:1   | Noticed Joseph
 13429 | Lair:1   | Killed Joseph
 13542 | Lair:1   | Noticed an eight-headed hydra
 13669 | Lair:1   | Found a white marble altar of Elyvilon.
 14015 | Lair:2   | Reached XP level 12. HP: 51/97 MP: 17/21
 14121 | Lair:2   | Found a staircase to the Shoals.
 14243 | Lair:1   | Learned a level 6 spell: Statue Form
 14302 | Lair:2   | Reached **** piety under Vehumet
 14303 | Lair:2   | Reached skill level 10 in Transmutations
 14508 | Lair:2   | Found a staircase to the Snake Pit.
 14846 | Lair:3   | Found a frozen archway.
 14852 | IceCv    | Entered an ice cave
 14915 | Lair:3   | Offered knowledge of Airstrike by Vehumet.
 14981 | Lair:3   | Noticed a seven-headed hydra
 14997 | Lair:3   | Killed a seven-headed hydra
 15327 | Lair:3   | Reached skill level 5 in Earth Magic
 15328 | Lair:3   | Reached ***** piety under Vehumet
 15338 | Lair:3   | Reached XP level 13. HP: 103/103 MP: 10/22
 15340 | Lair:3   | Offered knowledge of Irradiate by Vehumet.
 15364 | Lair:3   | Learned a level 5 spell: Irradiate
 16036 | Lair:4   | Reached skill level 1 in Conjurations
 17984 | Lair:6   | Entered Level 6 of the Lair of Beasts
 18005 | Lair:6   | Reached XP level 14. HP: 100/113 MP: 21/25
 18007 | Lair:6   | Offered knowledge of Fireball by Vehumet.
 18158 | Lair:6   | Found a viscous altar of Jiyva.
 18159 | Lair:6   | Found a staircase to the Slime Pits.
 18292 | Lair:6   | Reached skill level 15 in Dodging
 19183 | Lair:6   | Offered knowledge of Starburst by Vehumet.
 19303 | Lair:6   | Identified the +2 mace of the Heavens {vorpal, Dex+2}
 20017 | D:11     | Noticed Nergalle
 20032 | D:11     | Killed Nergalle
 20101 | D:11     | Found a snail-covered altar of Cheibriados.
 20796 | D:12     | Noticed Maurice
 20803 | D:12     | Killed Maurice
 21132 | D:12     | Found a shimmering blue altar of Sif Muna.
 21250 | D:12     | Found a staircase to the Orcish Mines.
 21405 | D:12     | Reached XP level 15. HP: 122/122 MP: 19/28
 21859 | Orc:1    | Entered Level 1 of the Orcish Mines
 22047 | Orc:1    | Offered knowledge of Ozocubu's Refrigeration by Vehumet.
 22065 | Orc:1    | Learned a level 7 spell: Ozocubu's Refrigeration
 22353 | Orc:2    | Entered Level 2 of the Orcish Mines
 22353 | Orc:2    | Noticed an orc warlord
 22353 | Orc:2    | Found Xetriwie's Book Shoppe.
 22364 | Orc:2    | Killed an orc warlord
 22365 | Orc:2    | Reached skill level 10 in Ice Magic
 22517 | Orc:2    | Found Teusoiry's Assorted Antiques.
 22544 | Orc:2    | Found Yqoo's General Store.
 22549 | Orc:2    | Found a staircase to the Elven Halls.
 22581 | Orc:2    | Found a dark tunnel.
 22590 | Volcano  | Entered a volcano
 22920 | Orc:2    | Bought an amulet of magic regeneration for 390 gold pieces
 22920 | Orc:2    | Bought a scroll of fear for 45 gold pieces
 23100 | Orc:2    | Found Isku Fec's Antique Armour Emporium.
 23191 | Orc:2    | Found Votwyod's Antique Weapon Boutique.
 23197 | Orc:2    | Reached skill level 10 in Spellcasting
 23218 | Orc:2    | Bought a fine demon trident for 540 gold pieces
 23218 | Orc:2    | Identified the +1 demon trident of the Blessings {freeze,
                  | rPois rF+} (You bought it in a shop on level 2 of the
                  | Orcish Mines)
 23675 | D:13     | You fall into a shaft and drop 2 floors!
 23675 | D:15     | Entered Level 15 of the Dungeon
 24106 | D:13     | Reached skill level 1 in Shields
 24401 | D:13     | Noticed Azrael
 24404 | D:13     | Killed Azrael
 24793 | D:14     | Offered knowledge of Orb of Destruction by Vehumet.
 25007 | D:14     | Found a gate to the Vaults.
 25024 | D:14     | Reached XP level 16. HP: 132/132 MP: 26/30
 25091 | D:14     | Found Naesso's Antique Weapon Emporium.
 25428 | D:15     | Found a staircase to the Depths.
 25455 | D:15     | Offered knowledge of Lee's Rapid Deconstruction by Vehumet.
 25608 | D:15     | Reached skill level 5 in Shields
 26362 | Snake:1  | Entered Level 1 of the Snake Pit
 26526 | Snake:1  | Found Kidatoim's Weapon Shop.
 26526 | Snake:1  | Found Notorphi's Book Boutique.
 26527 | Snake:1  | Found Nasijoc's Jewellery Boutique.
 26529 | Snake:1  | Found Vuuppe's Weapon Shop.
 26651 | Snake:1  | Bought a book of Annihilations for 840 gold pieces
 26907 | Snake:2  | Found Ysounnu's Weapon Emporium.
 27090 | Snake:2  | Found a stormy altar of Qazlal.
 27155 | Snake:2  | Reached skill level 15 in Fighting
 27653 | Snake:3  | Offered knowledge of Lehudib's Crystal Spear by Vehumet.
 27663 | Snake:3  | Reached XP level 17. HP: 127/142 MP: 17/31
 27668 | Snake:3  | Reached skill level 15 in Ice Magic
 27837 | Snake:3  | Reached skill level 10 in Stealth
 27946 | Snake:3  | Reached ****** piety under Vehumet
 28237 | Snake:4  | Entered Level 4 of the Snake Pit
 28247 | Snake:4  | Found Maost's Book Shop.
 28259 | Snake:4  | Bought the Guide on Captivating Transformation for 646 gold
                  | pieces
 28871 | Snake:4  | Noticed Aizul
 28884 | Snake:4  | Killed Aizul
 28998 | Snake:4  | Offered knowledge of Polar Vortex by Vehumet.
 28998 | Snake:4  | Offered knowledge of Ignition by Vehumet.
 28998 | Snake:4  | Offered knowledge of Maxwell's Capacitive Coupling by
                  | Vehumet.
 29099 | Snake:4  | Got a serpentine rune of Zot
 29255 | Snake:3  | Learned a level 9 spell: Polar Vortex
 29347 | Shoals:1 | Entered Level 1 of the Shoals
 29352 | Shoals:1 | Found a runed translucent door.
 29557 | Shoals:3 | Reached XP level 18. HP: 136/149 MP: 32/32
 29574 | Shoals:4 | Entered Level 4 of the Shoals
 29812 | Shoals:4 | Got a barnacled rune of Zot
 30025 | Shoals:4 | Noticed Polyphemus
 30035 | Shoals:4 | Killed Polyphemus
 30483 | Shoals:4 | Found a glowing silver altar of Zin.
 30701 | Elf:1    | Entered Level 1 of the Elven Halls
 30849 | Elf:1    | Got the Disquisition on Evil
 31039 | Elf:1    | Cast into level 2 of the Abyss (a deep elf demonologist)
 31058 | Abyss:2  | Found a hazy altar of Hepliaklqana.
 31076 | Abyss:2  | Found a corrupted altar of Lugonu.
 31129 | Elf:1    | Escaped the Abyss
 31243 | Elf:1    | Noticed Asterion
 31248 | Elf:1    | Killed Asterion
 31499 | Elf:2    | Found Nail's Magic Scroll Shop.
 31509 | Elf:2    | Bought a scroll of summoning for 133 gold pieces
 31522 | Elf:2    | Found Ocidwilipe's Jewellery Shop.
 31522 | Elf:2    | Found Noit's Book Emporium.
 31523 | Elf:2    | Found Roanoyfu's Jewellery Shop.
 31633 | Elf:2    | Reached XP level 19. HP: 107/155 MP: 25/33
 31674 | Elf:2    | Found a crumbling gateway.
 31680 | Desolati | Entered the Desolation of Salt
 31734 | Desolati | Got Feper's Volume of Doomed Poisoning
 31747 | Desolati | Found the +0 staff of Battle
 31757 | Desolati | Identified the +2 chain mail "Ubosimpet" {rC+}
 31793 | Desolati | Identified the ring of Innol {rF+ Str+3}
 31837 | Desolati | Got the Compendium of Doomed Clay
 32045 | Desolati | Reached skill level 15 in Stealth
 32139 | Desolati | Got the Tome of Hexes and Fire
 32154 | Desolati | Identified the ring of the Original Sin {rPois rF+ rCorr
                  | Dex+2}
 32166 | Desolati | Identified the amulet "Jobus Ola" {RegenMP Int+8 Dex-2}
                  | (You took it off an ironbound convoker in the Desolation of
                  | Salt)
 32186 | Desolati | Identified the ring of Tender Moments {rN+ AC+4}
 32196 | Desolati | Identified the +9 morningstar of Etyriwa {flame, rC+ rN+}
 32209 | Desolati | Got Byroc's Collected Works on Harmful Necromancy
 32217 | Desolati | Identified the ring "Femex" {+Blink rN+ Str+5}
 32224 | Desolati | Reached skill level 1 in Unarmed Combat
 32341 | Elf:2    | Noticed a Brimstone Fiend
 32570 | Elf:2    | Found Rolonk's Armour Boutique.
 32589 | Elf:2    | Found Zeapudek's Armour Shoppe.
 32631 | Elf:2    | Found Eplopa's Distillery.
 32640 | Elf:2    | Bought a potion of cancellation for 128 gold pieces
 32640 | Elf:2    | Bought a potion of cancellation for 128 gold pieces
 32640 | Elf:2    | Bought a potion of curing for 48 gold pieces
 32640 | Elf:2    | Bought a potion of curing for 48 gold pieces
 32640 | Elf:2    | Bought a potion of mutation for 128 gold pieces
 32662 | Elf:2    | Found Tealuet's Antique Armour Shoppe.
 32666 | Elf:2    | Bought an ancient robe for 159 gold pieces
 32666 | Elf:2    | Identified the +0 robe of the Hanged Man {rC- Str+3
                  | Archmagi} (You bought it in a shop on level 2 of the Elven
                  | Halls)
 32689 | Elf:3    | Entered Level 3 of the Elven Halls
 32764 | Elf:3    | Reached XP level 20. HP: 162/162 MP: 28/34
 32839 | Elf:3    | Reached skill level 5 in Short Blades
 32997 | Elf:3    | Identified the ring "Bouwic Poha" {Wiz rF+ rN+ Stlth-}
 33011 | Elf:3    | Got the Incunabulum of the Escort
 33032 | Elf:3    | Identified the amulet of Gobb {Rampage Regen+ MP+9}
 33036 | Elf:3    | Identified the +6 arbalest "Dragonslayer" {freeze, rF+
                  | Int+3}
 33097 | Elf:3    | Identified the +8 falchion of Rocourr {drain, rC+ MP+9
                  | Dex+7}
 33125 | Elf:3    | Identified the +8 hand axe of Unreason {spect, Will+}
 33256 | Elf:2    | Bought the +3 pair of gauntlets of War {Slay+5} for 807
                  | gold pieces
 33256 | Elf:2    | Found the +3 pair of gauntlets of War {Slay+5}
 33578 | Slime:1  | Entered Level 1 of the Pits of Slime
 33622 | Slime:1  | Gained mutation: You have hidden genetic potential. [a
                  | shining eye]
 33757 | Slime:2  | Gained mutation: You occasionally shout uncontrollably at
                  | your foes. [a shining eye]
 33891 | Slime:5  | Entered Level 5 of the Pits of Slime
 33912 | Slime:5  | Noticed the Royal Jelly
 34207 | Slime:2  | Gained mutation: Armour fits poorly on your strangely
                  | shaped body. [a shining eye]
 34782 | Slime:3  | Paralysed by a great orb of eyes for 5 turns
 34850 | Slime:5  | Killed the Royal Jelly
 34989 | Slime:5  | Lost mutation: You have hidden genetic potential. [a
                  | shining eye]
 34990 | Slime:5  | Gained mutation: You are clumsy. (Dex -2) [a shining eye]
 35013 | Slime:5  | Found the +1 cloak of Starlight {*Dazzle EV+4 Stlth--}
 35019 | Slime:5  | Reached XP level 21. HP: 146/168 MP: 33/37
 35044 | Slime:5  | Got Feri Sit's Tome of Bewitchment
 35122 | Slime:5  | Got a slimy rune of Zot
 35126 | Slime:5  | Got the Collected Works on Attacks
 35448 | Vaults:1 | Entered Level 1 of the Vaults
 35551 | Vaults:1 | Identified the +0 ring mail of the Equinox {+Inv}
 35751 | Vaults:1 | Lost mutation: You occasionally shout uncontrollably at
                  | your foes. [potion of mutation]
 35751 | Vaults:1 | Lost mutation: You are clumsy. (Dex -2) [potion of
                  | mutation]
 35751 | Vaults:1 | Gained mutation: Your magical capacity is low. (-10% MP)
                  | [potion of mutation]
 35751 | Vaults:1 | Gained mutation: You possess an exceptional clarity of
                  | mind. [potion of mutation]
 35751 | Vaults:1 | Gained mutation: You are dopey. (Int -2) [potion of
                  | mutation]
 35751 | Vaults:1 | Gained mutation: Your flesh is heat resistant. (rF+)
                  | [potion of mutation]
 35752 | Vaults:1 | Lost mutation: Your magical capacity is low. (-10% MP)
                  | [potion of mutation]
 35752 | Vaults:1 | Lost mutation: Armour fits poorly on your strangely shaped
                  | body. [potion of mutation]
 35752 | Vaults:1 | Lost mutation: Your flesh is heat resistant. (rF+) [potion
                  | of mutation]
 35752 | Vaults:1 | Gained mutation: Your magical capacity is low. (-10% MP)
                  | [potion of mutation]
 35752 | Vaults:1 | Gained mutation: You expend magic power (3 MP) to
                  | strengthen your wands. [potion of mutation]
 35753 | Vaults:1 | Lost mutation: Your magical capacity is low. (-10% MP)
                  | [potion of mutation]
 35753 | Vaults:1 | Lost mutation: You are dopey. (Int -2) [potion of mutation]
 35753 | Vaults:1 | Lost mutation: You expend magic power (3 MP) to strengthen
                  | your wands. [potion of mutation]
 35753 | Vaults:1 | Gained mutation: You are robust. (+10% HP) [potion of
                  | mutation]
 35778 | Vaults:1 | Learned a level 8 spell: Necromutation
 35941 | Vaults:1 | Reached skill level 1 in Necromancy
 36696 | Vaults:2 | Reached skill level 15 in Transmutations
 36897 | Vaults:2 | Found Qays's Distillery.
 36906 | Vaults:2 | Bought a potion of heal wounds for 95 gold pieces
 37107 | Vaults:2 | Noticed Nikola
 37112 | Vaults:2 | Killed Nikola
 37113 | Vaults:2 | Reached XP level 22. HP: 198/198 MP: 14/39
 37468 | Vaults:2 | Found a transporter.
 37468 | Vaults:2 | Noticed DizzySkin's ghost (veteran MiBe)
 37471 | Vaults:2 | Identified the +11 great mace "Hytaf" {spect, rPois}
 37474 | Vaults:2 | Found a transporter.
 37480 | Vaults:2 | Reached skill level 5 in Necromancy
 37499 | Vaults:2 | Killed DizzySkin's ghost
 38160 | Vaults:3 | Found a staircase to the Crypt.
 38160 | Vaults:3 | Found an ancient bone altar of Kikubaaqudgha.
 38170 | Vaults:3 | Found a basalt altar of Yredelemnul.
 40537 | Vaults:5 | Entered Level 5 of the Vaults
 40537 | Vaults:5 | Noticed an ancient lich
 40544 | Vaults:5 | Killed an ancient lich
 40545 | Vaults:5 | Reached XP level 23. HP: 209/209 MP: 40/40
 40559 | Vaults:5 | Noticed a dread lich
 40566 | Vaults:5 | Killed a dread lich
 40731 | Vaults:5 | Noticed a dread lich
 40785 | Vaults:5 | Paralysed by a dread lich for 5 turns
 40788 | Vaults:5 | Identified the +10 battleaxe of Fixation {antimagic, rF+
                  | rC+ Will++}
 40794 | Vaults:5 | Killed a dread lich
 40796 | Vaults:5 | Identified a scroll of acquirement
 40934 | Vaults:5 | Acquired 453 gold pieces
 41036 | Vaults:5 | Got Boppa's Lost Volume of the Greatest Mummy
 41097 | Vaults:5 | Noticed an ancient lich
 41103 | Vaults:5 | Killed an ancient lich
 41112 | Vaults:5 | Got a silver rune of Zot
 41212 | Vaults:5 | Identified the +10 hand crossbow of Fierphe {speed, rElec
                  | Str-2 Int+2}
 41216 | Vaults:5 | Noticed a golden dragon
 41220 | Vaults:5 | Killed a golden dragon
 41598 | Depths:1 | Entered Level 1 of the Depths
 41747 | Depths:1 | Found a gateway to Hell.
 41998 | Depths:1 | Found a faded altar of an unknown god.
 42046 | Depths:2 | Reached XP level 24. HP: 193/222 MP: 33/40
 42057 | Depths:2 | Found a one-way gateway to a ziggurat.
 42221 | Depths:2 | Found Luli's Magic Scroll Shop.
 42229 | Depths:2 | Bought 2 scrolls of blinking for 255 gold pieces
 42229 | Depths:2 | Bought a scroll of teleportation for 51 gold pieces
 42229 | Depths:2 | Bought a scroll of summoning for 161 gold pieces
 42229 | Depths:2 | Bought a scroll of magic mapping for 59 gold pieces
 42388 | Depths:2 | Found a one-way gate to the infinite horrors of the Abyss.
 42487 | Depths:2 | Voluntarily entered the Abyss.
 42539 | Abyss:2  | Found a corrupted altar of Lugonu.
 43020 | Abyss:4  | Found a corrupted altar of Lugonu.
 43152 | Abyss:4  | Reached XP level 25. HP: 225/231 MP: 38/41
 43152 | Abyss:4  | Reached XP level 26. HP: 233/239 MP: 38/41
 43152 | Abyss:4  | Got an abyssal rune of Zot
 43243 | Depths:2 | Escaped the Abyss
 43261 | Depths:3 | You fall into a shaft and drop 1 floor!
 43261 | Depths:4 | Entered Level 4 of the Depths
 43425 | Hell     | Entered the Vestibule of Hell
 43425 | Hell     | Noticed Geryon
 43433 | Hell     | Killed Geryon
 43762 | Depths:3 | Reached skill level 10 in Earth Magic
 43768 | Depths:3 | Reached skill level 15 in Spellcasting
 44027 | Depths:3 | Found Soreq's General Store.
 44035 | Depths:3 | Bought a scroll of teleportation for 42 gold pieces
 44046 | Depths:3 | Noticed Jory
 44054 | Depths:3 | Killed Jory
 44414 | Depths:3 | Found a one-way gate leading to the halls of Pandemonium.
 44422 | Pan      | Entered Pandemonium
 44648 | Pan      | Entered the realm of Gloorx Vloq.
 44679 | Pan      | Learned a level 1 spell: Apportation
 45055 | Pan      | Learned a level 9 spell: Shatter
 45097 | Pan      | Noticed Gloorx Vloq
 45116 | Pan      | Killed Gloorx Vloq
 45135 | Pan      | Got a dark rune of Zot
 45237 | Pan      | Found an exit through the horrors of the Abyss.
 45362 | Pan      | Reached XP level 27. HP: 111/246 MP: 32/42
 45511 | Pan      | Noticed Zagonuar the pandemonium lord
 45695 | Depths:3 | Escaped Pandemonium
 45744 | Pan      | Entered the realm of Cerebov.
 45744 | Pan      | Entered Pandemonium
 45903 | Pan      | Found the +6 sword of Cerebov {flame}
 45903 | Pan      | Noticed Cerebov
 45911 | Pan      | Killed Cerebov
 45942 | Pan      | Got a fiery rune of Zot
 45990 | Pan      | Identified the +9 rapier of Evisceration {holy, rPois Str-2
                  | Int+2}
 46087 | Pan      | Identified the +5 halberd of Resourcefulness {antimagic,
                  | *Rage rC+ Dex+5}
 46089 | Pan      | Got the Incunabulum of Displacement
 46095 | Pan      | Identified the +1 spear of Harmony {flame, Str+5 Dex+3}
 46124 | Pan      | Identified the ring of Irrepressible Laughter {rC+ Will-
                  | Int+2 Dex+4 Slay+4}
 46125 | Pan      | Identified the ring "Lefred" {rC+ rN+ Will+ Int+2 Stlth+}
 46192 | Pan      | Entered the realm of Mnoleg.
 46418 | Pan      | Noticed Mnoleg
 46426 | Pan      | Paralysed by a floating eye for 4 turns
 46430 | Pan      | Killed Mnoleg
 46596 | Pan      | Got a glowing rune of Zot
 46684 | Pan      | Noticed Dik Ujal the pandemonium lord
 46690 | Pan      | Gained mutation: Your mind is acute. (Int +2) [mutagenic
                  | glow]
 46694 | Pan      | Killed Dik Ujal the pandemonium lord
 46830 | Pan      | Reached skill level 15 in Earth Magic
 46833 | Pan      | Entered the realm of Lom Lobon.
 47208 | Pan      | Learned a level 5 spell: Lee's Rapid Deconstruction
 47214 | Pan      | Got a magical rune of Zot
 47332 | Pan      | Noticed Ydwoffitu the pandemonium lord
 47335 | Pan      | Killed Ydwoffitu the pandemonium lord
 47341 | Pan      | Got a demonic rune of Zot
 47689 | Pan      | Found a huge runed translucent gate.
 47694 | Pan      | Found a huge runed translucent gate.
 47695 | Pan      | Found a huge runed translucent gate.
 47695 | Pan      | Found a huge runed translucent gate.
 47695 | Pan      | Found a huge runed translucent gate.
 47695 | Pan      | Found a huge runed translucent gate.
 47697 | Pan      | Found a huge runed translucent gate.
 47706 | Pan      | Noticed Puh Taap the pandemonium lord
 47712 | Pan      | Found an exit through the horrors of the Abyss.
 47715 | Pan      | Took an exit into the Abyss.
 47715 | Abyss:1  | Escaped into the Abyss
 47743 | Depths:3 | Escaped the Abyss
 48745 | Hell     | Paralysed by a wendigo for 1 turns
 48749 | Hell     | Paralysed by a wendigo for 1 turns
 48793 | Hell     | Found a gateway to the decaying netherworld of Tartarus.
 48842 | Tar:1    | Entered Level 1 of Tartarus
 49444 | Tar:2    | You fall into a shaft and drop 1 floor!
 50434 | Tar:7    | Entered Level 7 of Tartarus
 50446 | Tar:7    | Noticed an ancient lich
 50448 | Tar:7    | Noticed a dread lich
 50683 | Tar:7    | Noticed an ancient lich
 51013 | Tar:7    | Noticed an ancient lich
 51014 | Tar:7    | Killed an ancient lich
 51015 | Tar:7    | Killed an ancient lich
 51263 | Tar:7    | Killed an ancient lich
 52640 | Tar:7    | Paralysed by a dread lich for 7 turns
 52649 | Tar:7    | Killed a dread lich
 52893 | Tar:7    | Noticed Ereshkigal
 53307 | Tar:7    | Got a bone rune of Zot
 53377 | Hell     | Found a gateway to the freezing wastes of Cocytus.
 53400 | Coc:1    | Entered Level 1 of Cocytus
 53956 | Coc:3    | Reached skill level 5 in Unarmed Combat
 54730 | Coc:6    | Paralysed by a wendigo for 1 turns
 55395 | Coc:7    | Entered Level 7 of Cocytus
 55665 | Coc:7    | Paralysed by a wendigo for 1 turns
 56006 | Coc:7    | Paralysed by a wendigo for 1 turns
 56010 | Coc:7    | Reached skill level 10 in Shields
 56015 | Coc:7    | Paralysed by a wendigo for 1 turns
 57777 | Coc:7    | Noticed Antaeus
 57799 | Coc:7    | Killed Antaeus
 57801 | Coc:7    | Reached skill level 10 in Unarmed Combat
 58056 | Coc:7    | Got an icy rune of Zot
 58169 | Hell     | Found a gateway to the ashen valley of Gehenna.
 58203 | Geh:1    | Entered Level 1 of Gehenna
 58476 | Geh:2    | You fall into a shaft and drop 2 floors!
 58590 | Geh:5    | Noticed a dread lich
 58592 | Geh:5    | Killed a dread lich
 58927 | Geh:3    | Noticed a dread lich
 58930 | Geh:3    | Killed a dread lich
 60379 | Geh:7    | Entered Level 7 of Gehenna
 60404 | Geh:7    | Noticed the Serpent of Hell
 60708 | Hell     | Killed the Serpent of Hell
 61493 | Geh:7    | Found the +7 sceptre of Asmodeus
 61493 | Geh:7    | Noticed Asmodeus
 61516 | Geh:7    | Killed Asmodeus
 61518 | Geh:7    | Slain by a balrug

Illustrated notes

Levels and vault maps discovered:
D:1:      dpeg_arrival_rhombi, layout_loops_corners, hangedman_decor_push,
          minmay_heptomino_o4
D:2:      layout_basic, basic_ecumenical_altar
D:3:      minmay_angry_zag, layout_basic, gammafunk_ghost_arena
D:4:      layout_layer_cave
D:5:      layout_loops_ring, minmay_temple_entry_stoned_glass,
          portal_sewer_entry_a, uniq_duvessa
D:6:      layout_cave_pools, mainiacjoe_overflow_six_doors_small,
          enter_ossuary_1, hangedman_feature_mirror, uniq_blork_the_orc,
          uniq_grinder
D:7:      layout_cave_pools, uniq_pikel
D:8:      layout_basic, serial_bayou_pond_b, uniq_maggie, uniq_grum, uniq_psyche
D:9:      layout_irregular_city, hangedman_incinerator
D:10:     layout_loops_cross, grunt_lair_entry_orc_guard_hut
D:11:     layout_roguey, serial_rivers, chequers_serial_rivers_micro_d,
          chequers_serial_rivers_micro_a, chequers_serial_rivers_large_a,
          chequers_serial_rivers_small_a, chequers_serial_rivers_micro_a,
          chei_slow_surprise, uniq_nergalle
D:12:     layout_loops_ring, erik_orc_1, serial_rivers,
          chequers_serial_rivers_room_b, chequers_serial_rivers_room_a,
          chequers_serial_rivers_large_b, chequers_serial_rivers_room_a,
          kennysheep_orc_sif_temple, uniq_maurice
D:13:     layout_long_grid, minmay_beelzebubs_servants, uniq_azrael
D:14:     layout_rooms, skrybe_vaults_entry_preservation, serial_shops,
          shop_coins, kennysheep_cluttered_room, minmay_misc_feat_enclosed
D:15:     hangedman_depths_entry_civil_slaughter, layout_long_grid
Temple:   mainiacjoe_temple_starburst
Lair:1:   layout_gridlike, basic_altar, lemuel_fruit_tree, grunt_megastairs_1,
          uniq_joseph
Lair:2:   layout_roguey, minmay_shoals_entry_beasts, dummy_snake_entry,
          small_statue_intersection, infiniplex_staircase_pool
Lair:3:   layout_roguey, portal_ice_cave_entry_pillars_2,
          amcnicky_mini_pool_medium, lemuel_fruit_fields, lemuel_fruit_fields
Lair:4:   layout_roguey, wad_woods_river_02, grunt_megastairs_4
Lair:5:   layout_gridlike
Lair:6:   hangedman_lair_caniforms_friends, layout_loops_ring, slime_altar_1,
          evilmike_ambush [evilmike_ambush_outer_basic,
          evilmike_ambush_inner_cross]
Shoals:1: layout_shoals, lightli_airlock
Shoals:2: layout_shoals, uniq_ilsuiw, uniq_louise
Shoals:3: layout_shoals, uniq_bai_suzhen, uniq_mara
Shoals:4: shoals_end_simple, layout_shoals, lemuel_centaur_altar,
          uniq_polyphemus
Snake:1:  layout_onion, minmay_shoptagon
Snake:2:  layout_layer_cave, basic_altar, serial_shops, nicolae_shop_trees,
          grunt_megastairs_3
Snake:3:  layout_misc_corridors, special_room, nicolae_elevator_lobby_asterisk
Snake:4:  minmay_snake_end_coiled, layout_cave_town, serial_shops,
          nicolae_diamond_shop, grunt_megastairs_2, uniq_aizul
Slime:1:  layout_caves, nicolae_slime_barrier,
          cheibrodos_slime_lost_civilization_6
Slime:2:  layout_caves
Slime:3:  layout_caves
Slime:4:  layout_caves
Slime:5
Orc:1:    layout_diamond_mine
Orc:2:    grunt_orc_gardens, layout_diamond_mine, grunt_orc_garden,
          grunt_orc_garden, grunt_orc_garden, grunt_orc_garden, serial_shops,
          shop, lightli_volcano_entry_magma_tube
Elf:1:    eino_elf_arrival_customs, layout_gridlike, minmay_elf_necromancy,
          hangedman_elf_targetted_burst, uniq_asterion
Elf:2:    elven_hall_of_blades_hangedman_original
          [infiniplex_blade_entry_pillars], layout_gridlike, serial_shops,
          nicolae_shop_competitors_out_of_business, nicolae_stop_n_shop_1,
          nicolae_shop_behind_doors, shop, shop_statue,
          portal_desolation_entry_ruin, grunt_ministairs_6, minmay_shop_grove
Elf:3:    minmay_elf_hall_dome, layout_rooms, corner_web_ring, st_stairs_9
Vaults:1: v_rooms_6, nicolae_vaults_little_ls, v_misc_10,
          hangedman_vaults_impose, v_rooms_6, v_rooms_6, v_misc_19,
          hangedman_vaults_corner, nicolae_vaults_diagonal_hallway_9, v_misc_3,
          ontoclasm_vaults_ring_small, nicolae_vaults_little_squares_6,
          layout_vaults_omnibox
Vaults:2: gammafunk_ghost_smash, vaults_room_large_hall,
          vaults_dpeg_encased_lava, ontoclasm_vaults_tryst,
          ontoclasm_vaults_idyll, vaults_room_boxed, v_misc_3,
          nicolae_vaults_angled_halls, ontoclasm_vaults_hangar,
          nicolae_vaults_branching_niches, hangedman_vaults_nails,
          layout_vaults_maze, serial_shops, shop_statue, uniq_nikola
Vaults:3: nicolae_vaults_sealed_display, v_pattern_1,
          grunt_vaults_hallway_short, v_misc_27, minmay_crypt_entry_necro_gods,
          hangedman_vaults_slice, ontoclasm_vaults_chip,
          nicolae_vaults_circle_grid_a, layout_vaults_quadrants
Vaults:4: hangedman_vaults_cutoff, nicolae_vaults_windows_and_doors_thing,
          hangedman_vaults_capsules, v_misc_4, nicolae_vaults_alarming,
          nicolae_vaults_little_squares_2, v_pattern_3, ontoclasm_vaults_twist,
          nicolae_vaults_little_squares_2, layout_vaults_ring
Vaults:5
Depths:1: layout_cave_pools, minmay_holes, hell_entry, serial_shops,
          nicolae_diamond_shop, serial_column_ruins, column_ruins_square_large,
          column_ruins_temple_circle, column_ruins_columns_T,
          column_ruins_columns_dead_end, column_ruins_open_tiny,
          column_ruins_open_medium, minmay_librarian, firewood_loft
Depths:2: kennysheep_large_spiral, layout_cave_pools, enter_ziggurat_e,
          minmay_misc_feat_chi, hell_entry, serial_shops, nicolae_diamond_shop,
          rand_demon_pan_entry_1, abyss_entry_crystal
Depths:3: minmay_octo_star, layout_honeycomb, lemuel_crystal_altar,
          rand_demon_pan_entry_4, hangedman_abyss_entry_splay, hell_entry,
          serial_shops, shop, minmay_fountain_box, cheibrodos_ashenzari_chains,
          minmay_staircase_statues_hall_small, serial_bayou_shore_b,
          serial_bayou_shore_b, uniq_jory
Depths:4: evilmike_zot_entry_diamond, layout_small_grid, grunt_mini_vestibule,
          elyvilon_altar_4, minmay_shop_star, serial_bayou_shore_b,
          serial_bayou_shore_a
Hell
Geh:1:    layout_gehenna_pools_basic
Geh:2:    layout_gehenna_pools_basic
Geh:3:    layout_gehenna_pools_triple
Geh:4:    layout_gehenna_pools_basic
Geh:5:    layout_gehenna_pools_triple
Geh:6:    nicolae_geh_realm_of_the_lava_sea
Geh:7:    geh_mu
Coc:1:    layout_cocytus_delve
Coc:2:    layout_cocytus_water_paths
Coc:3:    layout_cocytus_water_paths
Coc:4:    layout_cocytus_water_paths
Coc:5:    nicolae_coc_caina, layout_ice_bergs
Coc:6:    layout_ice_bergs
Coc:7:    coc_old
Tar:1:    layout_honeycomb, nicolae_tar_grid_combs
Tar:2:    layout_grid_maze
Tar:3:    layout_cathedral_of_symmetry
Tar:4:    layout_grid_maze
Tar:5:    layout_grid_maze
Tar:6:    layout_cathedral_of_symmetry
Tar:7:    tar_grunt_cathedral

Skill      XL: |  1  2  3  4  5  6  7  8  9 10 11 12 13 14 15 16 17 18 19 20 21 22 23 24 25 26 27 |
---------------+----------------------------------------------------------------------------------+-----
Dodging        | 3 5 7 9 11 13 14 16 17 19 20 23 | 23.8
Ice Magic      | 5 7 9 12 14 18 20 22 | 22.0
Fighting       | 2 3 5 6 7 9 10 11 12 13 15 16 18 19 20 21 | 21.5
Short Blades   | 2 3 4 9 |  9.3
Stealth        | 3 4 6 7 9 11 14 15 | 15.7
Spellcasting   | 3 4 5 6 7 9 10 12 13 14 15 23 | 23.9
Transmutations | 5 9 13 14 15 18 19 | 19.7
Poison Magic   | 3 4 |  4.8
Earth Magic    | 2 5 6 8 12 18 | 18.8
Conjurations   | 1 |  1.2
Shields        | 3 6 13 | 13.3
Unarmed Combat | 3 12 | 12.6
Necromancy     | 4 7 9 |  9.7

Action                   |  1- 3 |  4- 6 |  7- 9 | 10-12 | 13-15 | 16-18 | 19-21 | 22-24 | 25-27 || total
-------------------------+-------+-------+-------+-------+-------+-------+-------+-------+-------++-------
Melee: Unarmed           |     2 |       |       |       |       |       |       |       |       ||     2
       Dagger            |    34 |   101 |   303 |   431 |   570 |   167 |    79 |    99 |   156 ||  1940
       Punch             |       |     4 |     5 |     8 |    14 |       |       |       |       ||    31
       Tailslap          |       |     3 |       |       |     5 |     3 |       |       |       ||    11
       Staff             |       |       |       |       |       |       |     1 |       |     4 ||     5
 Cast: Freeze            |    32 |     1 |       |       |       |       |       |       |       ||    33
       Frozen Ramparts   |     3 |    11 |    25 |    64 |    48 |       |       |       |       ||   151
       Ozocubu's Armour  |       |     7 |    24 |    40 |     6 |       |       |       |       ||    77
       Poisonous Vapours |       |       |       |    42 |     3 |       |       |       |       ||    45
       Statue Form       |       |       |       |     3 |    52 |    27 |    16 |    12 |    10 ||   120
       Irradiate         |       |       |       |       |    79 |   106 |    37 |    61 |   129 ||   412
       Ozocubu's Refrige |       |       |       |       |    63 |   201 |   120 |    73 |    50 ||   507
       Polar Vortex      |       |       |       |       |       |     1 |    84 |    94 |   285 ||   464
       Necromutation     |       |       |       |       |       |       |       |    12 |    94 ||   106
       Shatter           |       |       |       |       |       |       |       |       |   319 ||   319
       Apportation       |       |       |       |       |       |       |       |       |     1 ||     1
 Abil: End Transformatio |       |       |       |       |    14 |    15 |    11 |     7 |    13 ||    60
Evoke: Wand              |       |     2 |       |     6 |     2 |       |     4 |       |       ||    14
  Use: Scroll            |     3 |     5 |     5 |     8 |    12 |     8 |     6 |     9 |    12 ||    68
       Potion            |       |     1 |     1 |     3 |     1 |       |     4 |     6 |    23 ||    39
 Stab: Sleeping          |     3 |     8 |     6 |     4 |    19 |    22 |    13 |     8 |    11 ||    94
       Distracted        |       |       |     1 |     1 |       |       |       |     1 |     2 ||     5
       Petrified         |       |       |       |       |     2 |       |       |       |       ||     2
       Petrifying        |       |       |       |       |     1 |       |       |       |       ||     1
       Invisible         |       |       |       |       |       |       |       |     2 |       ||     2
Armor: Robe              |     7 |    21 |    69 |    15 |       |       |       |       |   237 ||   349
       Steam dragon scal |       |       |       |    27 |       |       |       |       |       ||    27
       Troll leather arm |       |       |       |    78 |    29 |    14 |    33 |    97 |   238 ||   489
       Skin              |       |       |       |    26 |   376 |   116 |    47 |    50 |    72 ||   687
Dodge: Dodged            |    29 |    54 |   147 |   339 |   867 |   313 |   203 |   272 |   870 ||  3094
Block: Other             |       |       |    20 |   106 |   216 |       |       |       |       ||   342
       Reflection        |       |       |       |     5 |       |       |       |       |       ||     5
       Buckler           |       |       |       |       |       |   146 |   108 |   117 |   406 ||   777
